Map: Void Training Stage 2

Players

Ratl - Winner!

  • Race: Protoss Protoss
  • Spawn Location: 3:00

Player 2

  • Race: Zerg Zerg
  • Spawn Location: 7:00

VOD

Have the link to the VOD?

Description

Time

  • Played on: Oct. 28, 2019, 9:43 a.m.
  • Length: 12:17
Show
View Real Time Build Order
Export as new Build Order

Ratl Protoss - Winner!

Build Orders:  

Get SALT Encoding   

  12  0:03  Probe  
  13  0:15  Probe  
  14  0:28  Probe  
  15  0:31  Pylon  
  15  0:39  Pylon  
  15  0:49  Probe  
  16  0:50  Assimilator  
  16  1:01  Probe (Chrono Boost)  
  17  1:10  Probe (Chrono Boost)  
  18  1:16  Gateway  
  18  1:21  Assimilator  
  18  1:27  Probe  
  19  1:46  Probe (Chrono Boost)  
  21  1:54  Probe (Chrono Boost)  
  21  2:00  Probe  
  21  2:08  Pylon  
  22  2:12  Pylon  
  22  2:16  Forge  
  22  2:20  Pylon  
  22  2:24  Zealot (Chrono Boost)  
  22  2:26  Pylon  
  22  2:29  Pylon  
  24  2:42  Zealot  
  26  3:00  Cybernetics Core  
  26  3:02  Protoss Ground Weapons Level 1  
  24  3:30  Nexus  
  24  3:35  Assimilator  
  24  3:51  Stalker (Chrono Boost)  
  26  4:03  Warp Gate  
  26  4:12  Stalker  
  28  4:34  Probe (Chrono Boost)  
  29  4:42  Zealot  
  29  4:45  Probe (Chrono Boost)  
  33  4:48  Probe (Chrono Boost)  
  33  4:50  Probe (Chrono Boost)  
  34  4:55  Probe  
  35  5:00  Probe  
  34  5:07  Probe (Chrono Boost)  
  34  5:09  Adept  
  34  5:10  Protoss Ground Armor Level 1  
  38  5:15  Probe (Chrono Boost)  
  38  5:19  Probe (Chrono Boost)  
  41  5:28  Probe (Chrono Boost)  
  41  5:29  Probe (Chrono Boost)  
  41  5:33  Probe  
  42  5:36  Probe  
  42  5:39  Adept  
  45  5:45  Probe  
  45  5:48  Probe  
  47  5:58  Probe  
  48  6:09  Zealot  
  48  6:10  Probe  
  51  6:22  Probe  
  52  6:30  Twilight Council  
  52  6:33  Robotics Facility  
  52  6:34  Probe  
  52  6:37  Zealot  
  55  6:59  Assimilator  
  55  7:04  Zealot  
  57  7:14  Gateway  
  57  7:19  Protoss Shields Level 1  
  57  7:23  Templar Archives  
  57  7:27  Dark Shrine  
  57  7:30  Robotics Bay  
  57  7:31  Zealot  
  59  7:40  Observer  
  60  7:49  Charge  
  60  7:58  Zealot  
  62  8:01  Immortal  
  66  8:25  High Templar, Nexus  
  68  8:27  High Templar  
  70  8:35  Gravitic Boosters  
  70  8:40  Immortal  
  74  8:54  Assimilator  
  74  8:56  Assimilator  
  74  9:05  Nexus  
  74  9:13  Pylon  
  74  9:16  Pylon  
  74  9:20  Immortal, Dark Templar x2  
  74  9:23  Pylon  
  82  9:27  Pylon, Protoss Ground Armor Level 2  
  82  9:30  Blink  
  82  9:38  Probe (Chrono Boost)  
  83  9:47  Probe (Chrono Boost)  
  83  9:52  Probe (Chrono Boost)  
  84  9:58  Disruptor  
  88  10:04  Probe  
  83  10:16  Probe  
  84  10:28  Probe  
  83  11:04  Probe (Chrono Boost)  
  85  11:12  Probe (Chrono Boost)  
  85  11:14  Probe (Chrono Boost)  
  87  11:19  Probe (Chrono Boost)  
  87  11:22  Probe (Chrono Boost)  
  87  11:24  Probe (Chrono Boost)  
  88  11:31  Probe (Chrono Boost)  
  88  11:32  Probe (Chrono Boost)  
  91  11:35  Probe (Chrono Boost)  
  93  11:41  Probe (Chrono Boost)  
  93  11:42  Probe (Chrono Boost)  
  93  11:43  Probe (Chrono Boost)  
  93  11:45  Probe (Chrono Boost)  
  96  11:57  Probe  
  99  12:05  Dark Templar  
Show
View Real Time Build Order
Export as new Build Order

Player 2 Zerg 

Build Orders: Pool First 

Get SALT Encoding   

  12  0:00  Drone  
  13  0:12  Overlord  
  13  0:18  Drone  
  14  0:31  Drone  
  14  0:35  Drone  
  16  0:43  Spawning Pool  
  16  0:45  Drone  
  16  0:48  Extractor  
  15  0:52  Drone  
  16  0:59  Overlord  
  16  1:31  Zergling x2, Queen  
  19  1:33  Roach Warren  
  19  1:35  Extractor  
  19  1:38  Drone  
  18  1:42  Drone  
  18  1:43  Zergling x2  
  20  1:57  Drone  
  21  2:07  Overlord  
  21  2:14  Drone  
  22  2:25  Drone  
  23  2:36  Drone  
  24  2:39  Roach  
  24  2:40  Drone  
  27  2:44  Drone  
  28  3:04  Ravager  
  28  3:05  Roach  
  31  5:16  Lair, Roach, Overlord, Drone  
  34  5:33  Roach  
  34  5:34  Drone, Overlord  
  37  5:38  Drone  
  33  5:51  Roach  
  33  6:09  Zergling x2  
  34  6:16  Overseer x2  
  34  6:17  Hydralisk Den  
  33  6:18  Drone  
  34  6:27  Roach  
  36  6:44  Hatchery  
  35  6:48  Hydralisk  
  37  7:06  Hydralisk  
  39  7:57  Drone  
  40  8:01  Drone  
  42  8:05  Drone  
  42  8:07  Extractor  
  42  8:08  Extractor  
  42  8:10  Drone  
  41  8:14  Drone  
  41  8:18  Drone  
  43  8:22  Drone  
  45  8:27  Drone  
  45  8:31  Drone  
  46  8:35  Drone  
  46  8:40  Drone  
  48  8:44  Drone  
  50  8:48  Drone  
  50  8:52  Drone  
  51  8:57  Drone  
  51  9:01  Drone  
  51  9:02  Overlord  
  53  9:05  Drone  
  54  9:10  Drone  
  54  9:14  Drone  
  56  9:18  Drone  
  56  9:23  Drone  
  58  9:27  Drone  
  59  9:31  Drone  
  59  9:33  Overlord  
  59  9:35  Drone  
  61  9:40  Drone  
  61  9:44  Drone  
  63  9:47  Overseer, Pneumatized Carapace  
  63  9:48  Roach  
  63  9:49  Evolution Chamber  
  63  9:51  Drone  
  65  9:59  Hydralisk  
  66  10:11  Zergling x2  
  55  10:22  Roach  
  55  10:32  Overlord  
  55  10:34  Roach  
  55  10:38  Queen  
  54  10:45  Roach  
  50  10:52  Drone  
  50  10:56  Drone, Hydralisk  
  46  10:59  Overseer  
  46  11:01  Drone  
  37  11:05  Drone  
  37  11:08  Hydralisk  
  37  11:09  Drone  
  37  11:13  Drone  
  37  11:15  Overseer  
  37  11:18  Drone  
  37  11:22  Drone  
  34  11:29  Spawning Pool  
  32  11:37  Drone  
  28  11:48  Drone  
  28  11:52  Drone  
Tags
 
Add a new tag
Caveats
  • Supply blocks, unpowered buildings, or Contaminate may cause inaccurate times.
  • Supply counts are checked every 10 seconds.